 Dungeon Crawl Stone Soup version 0.26.1-2-gb8aa6d0cf2 (webtiles) character file.

Game seed: 14363197364329634688

137 Alvadar the Conjurer (level 5, -1/28 HPs)
             Began as a Deep Elf Conjurer on Feb 15, 2021.
             Killed from afar by Sigmund (3 damage)
             ... with a puff of flame
             ... on level 3 of the Dungeon.
             The game lasted 00:02:14 (2334 turns).

Alvadar the Conjurer (Deep Elf Conjurer)            Turns: 2334, Time: 00:02:14

Health: -1/28      AC:  3    Str:  4    XL:     5   Next: 0%
Magic:  14/14      EV: 28    Int: 24    God:
Gold:   169        SH:  0    Dex: 13    Spells: 11/14 levels left

rFire    . . .     SeeInvis .   (no weapon)
rCold    . . .     Faith    .   (no shield)
rNeg     . . .     Spirit   .   a - +0 robe
rPois    .         Reflect  .   p - +1 hat
rElec    .         Harm     .   (no cloak)
rCorr    +         Rampage  .   (no gloves)
Will     .....                  (no boots)
Stlth    ++........             f - amulet of the acrobat
HPRegen  0.09/turn              i - ring of resist corrosion
MPRegen  0.14/turn              (no ring)

@: acrobat
A: no striking features
a: no special abilities


You were on level 3 of the Dungeon.
You visited 1 branch of the dungeon, and saw 3 of its levels.

You collected 169 gold pieces.

Inventory:

Armour
 a - a +0 robe (worn)
 p - a +1 hat (worn)
Jewellery
 f - an amulet of the acrobat (around neck)
 i - a ring of resist corrosion (left hand)
Wands
 n - a wand of iceblast (12)
Scrolls
 b - 2 scrolls of remove curse
 c - a scroll of fear {unknown}
 d - a scroll of teleportation
 e - a scroll of magic mapping
 h - a scroll of enchant weapon {unknown}
 j - a scroll of identify {unknown}
 k - a scroll of immolation {unknown}
 m - a scroll of blinking {unknown}
Potions
 g - a potion of lignification {unknown}
 l - 2 potions of brilliance {unknown}
 o - 2 potions of attraction {unknown}


   Skills:
 - Level 2.4 Dodging
 - Level 2.4 Stealth
 * Level 5.3 Spellcasting
 + Level 5.8 Conjurations


You had 11 spell levels left.
You knew the following spells:

 Your Spells              Type           Power        Failure   Level
a - Magic Dart            Conj           100%         1%          1
b - Searing Ray           Conj           68%          1%          2

Your spell library contained the following spells:

 Spells                   Type           Power        Failure   Level
 Dazzling Flash           Conj/Hex       40%          8%          3
 Fulminant Prism          Conj/Hex       10%          26%         4
 Iskenderun's Mystic Bla  Conj/Tloc      20%          26%         4


Dungeon Overview and Level Annotations

Branches:
Dungeon (3/15)

Altars:

Annotations:
D:3 Sigmund; ew1980's ghost, amateur DrTm


Message History

o - 2 emerald potions (gained 1)
You open the door.
Sigmund the Dreaded comes into view.
He is wielding a +0 scythe and carrying a wand of flame (24).
Sigmund shouts!
Sigmund points at himself and mumbles some strange words.
Sigmund flickers and vanishes!
Deactivating autopickup; reactivate with Ctrl-A.
You hear a zap.
A puff of flame appears from out of thin air!
The puff of flame hits you!
A magic dart appears from out of thin air!
The magic dart hits you!
You hear a zap.
A puff of flame appears from out of thin air!
The puff of flame hits you!
* * * LOW HITPOINT WARNING * * *
You hear a zap.
A puff of flame appears from out of thin air!
The puff of flame hits you.
You die...

############# #...........#
#.#########.#
##########.#*,,....#.#
#..........#...###.#.#
########.##########.....#.#.#
.........##########.....#.#.#
..........{.....@.......#.#.#
.(...............##.....#...#
...........................>#
..................#........##
........).........#......#.#
.........................#.#
........#.........#......#.#
..............#....#######'####
.....#.#...........#..........#


There were no monsters in sight!

Vanquished Creatures
  An orc wizard (D:3)
  3 adders (D:2)
  An ooze (D:1)
  3 worms (D:2)
  3 dart slugs
  A leopard gecko (D:2)
  4 orcs (D:3)
  3 bats
  9 goblins
  2 hobgoblins
  7 jackals
  A ball python (D:1)
  2 frilled lizards (D:1)
  8 kobolds
  8 rats
56 creatures vanquished.

Notes
Turn   | Place    | Note
-------+----------+-------------------------------------------
     0 | D:1      | Alvadar the Deep Elf Conjurer began the quest for the Orb.
     0 | D:1      | Reached XP level 1. HP: 10/10 MP: 6/6
   552 | D:1      | Reached XP level 2. HP: 15/15 MP: 5/8
   705 | D:1      | Reached skill level 5 in Conjurations
  1099 | D:2      | Reached XP level 3. HP: 19/19 MP: 0/10
  1102 | D:2      | Learned a level 2 spell: Searing Ray
  1558 | D:2      | Reached XP level 4. HP: 24/24 MP: 6/12
  1940 | D:3      | Noticed ew1980's ghost (amateur DrTm)
  1943 | D:3      | Noticed a sky beast
  2065 | D:3      | Reached skill level 5 in Spellcasting
  2233 | D:3      | Reached XP level 5. HP: 28/28 MP: 11/14
  2310 | D:3      | Noticed Sigmund
  2334 | D:3      | Killed from afar by Sigmund

Illustrated notes

Levels and vault maps discovered:
D:1:      dpeg_arrival_houses_and_road, layout_basic,
          amcnicky_mini_corridor_feature
D:2:      layout_rooms, grunt_decor_one_mirror
D:3:      layout_basic, gammafunk_ghost_arena, chequers_serial_rivers_small_3,
          uniq_sigmund

Skill      XL: |  1  2  3  4 |
---------------+-------------+-----
Conjurations   | 5 |  5.8
Spellcasting   | 4 5 |  5.3
Dodging        | |  2.4
Stealth        | |  2.4

Action                   |  1- 3 |  4- 6 || total
-------------------------+-------+-------++-------
 Cast: Magic Dart        |    83 |    33 ||   116
       Searing Ray       |       |     2 ||     2
  Use: Scroll            |       |     3 ||     3
Armor: Robe              |     6 |       ||     6
Dodge: Dodged            |     3 |     5 ||     8
